 Dungeon Crawl Stone Soup version 0.25.1-2-g60ff931df9 (webtiles) character file.

Game seed: 8375087706146243673

15467 Chimkentus the Covert (level 12, -3/84 HPs)
             Began as an Octopode Assassin on Aug 8, 2020.
             Was an Elder of Dithmenos.
             Slain by a +1 long sword of chaos (7 damage)
             ... while petrified by a +1 long sword of chaos
             ... on level 2 of the Lair of Beasts on Aug 9, 2020.
             The game lasted 01:37:42 (17079 turns).

Chimkentus the Covert (Octopode Assassin)          Turns: 17079, Time: 01:37:42

Health: -3/84      AC:  0    Str: 15    XL:     12   Next: 27%
Magic:  13/17      EV:  3    Int: 13    God:    Dithmenos [****..]
Gold:   215        SH:  0    Dex: 14    Spells: 6/18 levels left

rFire    . . .     SeeInvis .   (weapon currently unavailable)
rCold    . . .     Gourm    .   (shield currently unavailable)
rNeg     + + +     Faith    .   (helmet currently unavailable)
rPois    ∞         Spirit   .   p - amulet of the acrobat
rElec    .         Reflect  .   (ring currently unavailable)
rCorr    .         Harm     .   (ring currently unavailable)
MR       .....                  (ring currently unavailable)
Stlth    ++++++++..             (ring currently unavailable)
HPRegen  0.24/turn              (ring currently unavailable)
MPRegen  0.15/turn              (ring currently unavailable)
                                (ring currently unavailable)
                                (ring currently unavailable)

@: pig-form (expiring), petrified, very slightly contaminated, wreathed by
umbra, invisible, very quick
A: small, almost no armour, stealthy swim, (amphibious), (8 rings), (constrict
8)
a: Shadow Step, Renounce Religion


You were on level 2 of the Lair of Beasts.
You worshipped Dithmenos.
Dithmenos was greatly pleased with you.
You were hungry.
You were a filthy swine.
You visited 4 branches of the dungeon, and saw 15 of its levels.

You collected 1170 gold pieces.
You spent 955 gold pieces at shops.

Inventory:

Hand Weapons
 j - a +2 vampiric short sword
 l - a +1 dagger of electrocution
 t - a +4 quarterstaff of chaos
 y - a +1 war axe of flaming
 F - a +2 trident of flaming
 I - a +1 hunting sling of freezing
 O - the +9 falchion "Coukhynn" (melded) {drain, *Corrode rN+ MR+}
   (You found it on level 7 of the Dungeon)

   A truly terrible weapon, it drains the life of those it strikes.
   It protects you from negative energy.
   It affects your resistance to hostile enchantments.
   It may corrode you when you take damage.
 U - a +1 dagger of venom
 X - a +0 rapier of speed
 Y - a +2 flail of protection
Missiles
 b - 9 poisoned darts (quivered)
 c - a curare-tipped dart
 e - 4 boomerangs
 h - 445 stones
 q - 166 arrows
 J - 21 sling bullets
Jewellery
 a - a +6 ring of dexterity (melded)
 f - a ring of wizardry (melded)
 k - an uncursed amulet of regeneration {unknown}
 o - an uncursed amulet of magic regeneration
 p - an amulet of the acrobat (around neck)
 x - an uncursed amulet of guardian spirit
 K - a +6 ring of dexterity (melded)
 L - a ring of resist corrosion (melded)
 M - a ring of flight (melded)
 Q - a ring of see invisible (melded)
 T - a ring of positive energy (melded)
 V - a ring of protection from fire (melded)
Wands
 i - a wand of iceblast (10)
 s - a wand of flame (47)
 G - a wand of random effects (3)
Scrolls
 m - 6 scrolls of teleportation
 u - 3 scrolls of blinking
 z - 2 scrolls of fog
 E - a scroll of magic mapping
 N - a scroll of enchant weapon {unknown}
 R - a scroll of fear {unknown}
 Z - a scroll of torment {unknown}
Potions
 g - a potion of invisibility
 n - 3 potions of curing
 r - 5 potions of lignification
 v - a potion of might {unknown}
 w - a potion of stabbing
 B - a potion of haste {unknown}
 C - a potion of flight
 D - a potion of cancellation
 H - a potion of brilliance {unknown}
 P - 2 potions of heal wounds
 W - a potion of ambrosia {unknown}
Miscellaneous
 S - a phial of floods
Comestibles
 d - 24 rations


   Skills:
 * Level 8.4 Fighting
 + Level 6.9(7.4) Short Blades
 + Level 4.1(6.0) Long Blades
 + Level 2.1(4.7) Slings
 + Level 6.5(6.7) Throwing
 + Level 5.7 Dodging
 + Level 12.2 Stealth
 + Level 3.9 Spellcasting
 * Level 7.0 Transmutations
 + Level 0.1 Poison Magic
 * Level 7.3 Invocations
 + Level 1.3 Evocations


You had 6 spell levels left.
You knew the following spells:

 Your Spells              Type           Power        Failure   Level  Hunger
a - Beastly Appendage     Tmut           ###...       1%          1    None
b - Sticks to Snakes      Tmut           ###.....     1%          2    ##.....
c - Spider Form           Tmut/Pois      ##........   14%         3    ###....
d - Apportation           Tloc           #.....       22%         1    None
e - Summon Butterflies    Summ           #.......     22%         1    None
f - Ice Form              Ice/Tmut       ##......     43%         4    ####...

Your spell library contained the following spells:

 Spells                   Type           Power        Failure   Level  Hunger
 Foxfire                  Conj/Fire      #...         22%         1    None
 Blade Hands              Tmut           ###.......   32%         5    ######.
 Call Canine Familiar     Summ           #.......     54%         3    ###....
 Conjure Flame            Conj/Fire      #.......     54%         3    ###....
 Summon Guardian Golem    Hex/Summ       #.......     54%         3    ###....
 Metabolic Englaciation   Hex/Ice        #.........   99%         5    ######.
 Freezing Cloud           Conj/Ice/Air   #.........   100%        6    #######
 Ozocubu's Refrigeration  Ice            #.........   100%        6    #######
 Simulacrum               Ice/Necr       #.........   100%        6    #######
 Dragon's Call            Summ           #.........   100%        9    #######


Dungeon Overview and Level Annotations

Branches:
Dungeon (9/15)             Temple (1/1) D:4            Lair (3/6) D:9
  Swamp (0/4) Lair:2        Snake (0/4) Lair:3          Orc (2/2) D:9
    Elf (0/3) Orc:2

Altars:
Ashenzari
Cheibriados
Dithmenos
Elyvilon
Fedhas
Gozag
Hepliaklqana
Kikubaaqudgha
Makhleb
Nemelex Xobeh
Okawaru
Qazlal
Ru
Sif Muna
Trog
Uskayaw
Vehumet
Wu Jian
Xom
Yredelemnul
Zin
The Shining One
Beogh

Shops:
D:4 [   D:7 =

Annotations:
D:8 3 runed translucent doors, UnDebs's ghost, novice TeGl
Lair:1 Bets's ghost, novice DsGl
Lair:3 Snorg
Orc:1 Erolcha


Innate Abilities, Weirdness & Mutations

You cannot wear most types of armour.
You are very stealthy in the water. (Stealth+)
((You are amphibious.))
((You can wear up to eight rings at the same time.))
((You can use your tentacles to constrict eight enemies at once.))
((Your skin changes colour to match your surroundings (Stealth+).))
((Your rubbery body absorbs attacks. (AC +1, EV +1)))


Message History

The +1 long sword of chaos hits you! The +1 long sword of chaos burns you.
The +1 long sword of chaos barely misses you.
The +1 long sword of chaos hits you!
You are electrocuted!
The +1 long sword of chaos hits you! The +1 long sword of chaos burns you.
The +1 long sword of chaos hits you! The +1 long sword of chaos hits you!
* * * LOW HITPOINT WARNING * * *
The +1 long sword of chaos burns you.
* * * LOW HITPOINT WARNING * * *
The +1 long sword of chaos hits you!
* * * LOW HITPOINT WARNING * * *
The +1 long sword of chaos hits you.
* * * LOW HITPOINT WARNING * * *
The +1 long sword of chaos hits you.
* * * LOW HITPOINT WARNING * * *
Space bends around you.
* * * LOW HITPOINT WARNING * * *
Your transformation is almost over.
The +1 long sword of chaos hits you!
You die...

##....#.....#.####.^#....
###PP..#.....##.##.###^....
#.....###...#####..........
##....##...###..D..........
##>......#.............#P#
##[.P.[......<......##P####
##...#.......>....#..####
#....(...>..(..[##.###
#..........h#.######
##....)...#####
§.....?..### v.%..P#..##
>v§§..##### v§..#P# ?§..##


You could see a seven-headed hydra (wandering) and a +1 long sword of chaos.

Vanquished Creatures
  A two-headed ogre (D:8)
  2 unseen horrors
  An orc knight (Orc:2)
  An orc sorcerer (Orc:1)
  2 spiny frogs
  A rime drake (Lair:2)
  A komodo dragon (Lair:1)
  A queen bee (D:8)
  A troll (D:9)
  4 hippogriffs
  3 blink frogs (Lair:2)
  Sigmund (D:4)
  14 yaks
  4 hungry ghosts
  6 water moccasins
  2 porcupines
  4 nagas (Lair:3)
  7 orc warriors
  2 sky beasts
  2 ice beasts
  8 ogres
  3 phantoms
  3 centaurs
  2 crocodiles
  A big kobold (D:9)
  Blork the orc (D:5)
  7 bullfrogs
  3 scorpions
  Dowan (D:7)
  2 wyvern skeletons (D:9)
  20 killer bees (D:8)
  5 howler monkeys
  A centaur zombie (D:9)
  5 crimson imps
  3 jellies
  A centaur skeleton (D:7)
  6 hounds
  10 orc priests
  Crazy Yiuf (D:3)
  A bullfrog skeleton (D:8)
  A gnoll shaman (D:9)
  3 iguanas
  Natasha (thrice) (D:3)
  Ijyb (D:5)
  7 worker ants
  10 orc wizards
  Robin (D:3)
  A worker ant zombie (D:7)
  10 gnolls
  10 adders
  2 shadow imps
  10 oozes
  An adder zombie (D:9)
  4 worms
  2 dart slugs
  A leopard gecko (D:8)
  55 orcs
  3 ball pythons
  7 bats
  2 giant cockroaches
  16 goblins
  7 hobgoblins
  21 jackals
  17 kobolds
  3 quokkas
  A ball python skeleton (D:4)
  5 frilled lizards
  2 jackal skeletons
  A leopard gecko skeleton (D:9)
  5 rats
  A bush (D:3)
357 creatures vanquished.

Vanquished Creatures (collateral kills)
  Duvessa (D:7)
  A porcupine (Lair:3)
  An orc (Orc:2)
3 creatures vanquished.

Vanquished Creatures (others)
  4 fungi
  6 toadstools (D:2)
10 creatures vanquished.

Grand Total: 370 creatures vanquished

Notes
Turn   | Place    | Note
-------+----------+-------------------------------------------
     0 | D:1      | Chimkentus the Octopode Assassin began the quest for the
                  | Orb.
     0 | D:1      | Reached XP level 1. HP: 14/14 MP: 1/1
   330 | D:1      | Reached XP level 2. HP: 19/19 MP: 2/2
   499 | D:1      | Reached skill level 6 in Stealth
   892 | D:1      | Reached XP level 3. HP: 22/24 MP: 3/3
  1236 | D:2      | Reached XP level 4. HP: 18/30 MP: 4/4
  1691 | D:2      | Reached XP level 5. HP: 35/35 MP: 5/5
  1702 | D:2      | Reached skill level 7 in Stealth
  2147 | D:3      | Found a faded altar of an unknown god.
  2389 | D:2      | Reached XP level 6. HP: 34/42 MP: 6/6
  2446 | D:3      | Noticed Robin
  2940 | D:3      | Killed Robin
  3180 | D:3      | Noticed Natasha
  3194 | D:3      | Killed Natasha
  3317 | D:3      | Noticed Natasha
  3327 | D:3      | Killed Natasha
  3379 | D:3      | Noticed Natasha
  3389 | D:3      | Killed Natasha
  3469 | D:3      | Found a runed translucent door.
  3470 | D:3      | Noticed Crazy Yiuf
  3477 | D:3      | Killed Crazy Yiuf
  3645 | D:4      | Noticed Sigmund
  3651 | D:4      | Killed Sigmund
  3651 | D:4      | Reached skill level 8 in Stealth
  3651 | D:4      | Reached XP level 7. HP: 48/48 MP: 7/7
  4223 | D:4      | Found Hoid's Armour Shoppe.
  4445 | D:5      | Entered Level 5 of the Dungeon
  4445 | D:5      | Noticed Blork the orc
  4452 | D:5      | Noticed a hungry ghost
  4514 | D:4      | Killed a hungry ghost
  4514 | D:4      | Reached XP level 8. HP: 22/54 MP: 8/8
  5129 | D:4      | Found a staircase to the Ecumenical Temple.
  5159 | Temple   | Entered the Ecumenical Temple
  5383 | Temple   | Became a worshipper of Dithmenos the Shadowed
  5454 | D:4      | Reached skill level 5 in Fighting
  5489 | D:4      | Reached skill level 1 in Invocations
  5856 | D:5      | Reached skill level 9 in Stealth
  6082 | D:5      | Reached skill level 5 in Short Blades
  6263 | D:5      | Noticed Ijyb
  6267 | D:5      | Killed Ijyb
  6309 | D:5      | Killed Blork the orc
  6442 | D:5      | Reached * piety under Dithmenos
  6882 | D:6      | Found a snail-covered altar of Cheibriados.
  6974 | D:6      | Reached XP level 9. HP: 61/61 MP: 10/10
  7331 | D:6      | Found a hide-covered altar of Uskayaw.
  7430 | D:6      | Learned a level 1 spell: Beastly Appendage
  7433 | D:6      | Learned a level 2 spell: Sticks to Snakes
  7544 | D:7      | Got a fine falchion
  7653 | D:7      | Reached skill level 10 in Stealth
  7666 | D:7      | Identified the +9 falchion "Coukhynn" {drain, *Corrode rN+
                  | MR+} (You found it on level 7 of the Dungeon)
  7671 | D:7      | Reached skill level 1 in Slings
  7671 | D:7      | Reached skill level 1 in Transmutations
  7713 | D:7      | Found Dit Tura's Jewellery Emporium.
  7725 | D:7      | Bought an uncursed ring of see invisible for 195 gold
                  | pieces
  7740 | D:7      | Noticed an unseen horror
  7750 | D:7      | Killed an unseen horror
  7817 | D:7      | Found an opulent altar of Gozag.
  7964 | D:7      | Noticed Duvessa
  7964 | D:7      | Noticed Dowan
  8130 | D:7      | Killed Dowan
  8135 | D:7      | Killed Duvessa
  8135 | D:7      | Reached skill level 1 in Long Blades
  8286 | D:7      | Reached ** piety under Dithmenos
  8663 | D:8      | Reached XP level 10. HP: 69/69 MP: 13/13
  8965 | D:8      | Found a glowing silver altar of Zin.
  8966 | D:8      | Noticed an angel
  8972 | D:8      | Noticed an unseen horror
  8979 | D:8      | Killed an unseen horror
  8979 | D:8      | Reached skill level 5 in Throwing
  8979 | D:8      | Reached skill level 5 in Dodging
  9285 | D:8      | Reached skill level 11 in Stealth
  9294 | D:8      | Reached skill level 5 in Invocations
  9523 | D:8      | Found a runed translucent gate.
  9523 | D:8      | Found a runed translucent gate.
  9523 | D:8      | Found a runed translucent gate.
  9557 | D:8      | Noticed a two-headed ogre
  9620 | D:8      | Killed a two-headed ogre
  9620 | D:8      | Reached skill level 1 in Spellcasting
  9907 | D:8      | Noticed UnDebs's ghost (novice TeGl)
 10089 | D:8      | Reached *** piety under Dithmenos
 10805 | D:8      | Reached XP level 11. HP: 74/74 MP: 15/15
 10912 | D:9      | Noticed a five-headed hydra
 11071 | D:9      | Found a staircase to the Lair.
 11132 | D:9      | Found a staircase to the Orcish Mines.
 11201 | D:9      | Reached **** piety under Dithmenos
 12112 | D:9      | Reached skill level 5 in Transmutations
 12946 | D:9      | Learned a level 3 spell: Spider Form
 12949 | Orc:1    | Entered Level 1 of the Orcish Mines
 12975 | Orc:1    | Noticed an orc sorcerer
 12992 | Orc:1    | Killed an orc sorcerer
 13002 | Orc:1    | Found a roughly hewn altar of Beogh.
 13007 | Orc:1    | Noticed Erolcha
 13012 | Orc:2    | Entered Level 2 of the Orcish Mines
 13035 | Orc:2    | Reached skill level 1 in Evocations
 13138 | Orc:1    | Noticed an orc knight
 13346 | Orc:2    | Noticed an orc knight
 13396 | Orc:2    | Killed an orc knight
 13898 | Orc:2    | Found a shimmering blue altar of Sif Muna.
 13914 | Orc:2    | Identified Sif Muna's Incunabulum of the Traveller
 14175 | D:7      | Bought a +6 ring of dexterity for 760 gold pieces
 14303 | Lair:1   | Entered Level 1 of the Lair of Beasts
 14547 | Lair:1   | Reached skill level 12 in Stealth
 14562 | Lair:1   | Found a runed translucent door.
 14563 | Lair:1   | Found a shimmering altar of Xom.
 14563 | Lair:1   | Noticed Bets's ghost (novice DsGl)
 14564 | Lair:1   | Noticed a +1 long sword of chaos
 14814 | Lair:1   | Reached XP level 12. HP: 48/82 MP: 9/17
 15453 | Lair:2   | Identified the Reference Book on Torrid Creation
 15470 | Lair:2   | Found a staircase to the Swamp.
 15607 | Lair:2   | Noticed a seven-headed hydra
 16018 | Lair:3   | Learned a level 1 spell: Apportation
 16020 | Lair:3   | Learned a level 1 spell: Summon Butterflies
 16025 | Lair:3   | Learned a level 4 spell: Ice Form
 16348 | Lair:3   | Found a staircase to the Snake Pit.
 16620 | Lair:3   | Noticed Snorg
 16960 | Lair:3   | Noticed a five-headed hydra
 17078 | Lair:2   | HP: 4/84 [+1 long sword of chaos (2)]
 17079 | Lair:2   | Slain by a +1 long sword of chaos

Illustrated notes

Levels and vault maps discovered:
D:1:      saegor_arrival_under_anarchy, layout_basic
D:2:      cheibrodos_fertilizer, layout_basic
D:3:      layout_rooms, chequers_ecumenical_altar_simple_redux, uniq_natasha,
          uniq_robin, uniq_crazy_yiuf_cottage
D:4:      layout_basic, minmay_temple_entry_gardened_gates, serial_shops,
          nicolae_shop_temple_entry_statues_fountains, uniq_sigmund
D:5:      layout_loops_corners, first_ration, uniq_blork_the_orc, uniq_ijyb
D:6:      layout_loops_ring, cheibriados_altar_1, kennysheep_mini_moat
D:7:      kennysheep_big_flooded_room, layout_basic, grunt_gozag_breadcrumbs,
          serial_shops, nicolae_shop_waterfront, lightli_corner_chamber,
          uniq_duvessa
D:8:      layout_rooms, zin_angel, gammafunk_ghost_necromancy, david_nohive_1,
          chequers_decorated_corner
D:9:      minmay_ornate_pinched, layout_basic, orc_0_dummy, amethyst_killhole,
          grunt_ministairs_12
Temple:   dpeg_five_rooms_temple
Lair:1:   layout_hall_layers, ebering_ghost_xom
Lair:2:   layout_hall_layers, minmay_swamp_entry_wisps
Lair:3:   layout_cave_pods, minmay_snake_entry_guardpost_small, uniq_snorg
Orc:1:    layout_caves, basic_altar, uniq_urug, uniq_erolcha
Orc:2:    st_orc_pillars, layout_diamond_mine, led_sif_book

Skill      XL: |  1  2  3  4  5  6  7  8  9 10 11 12 |
---------------+-------------------------------------+-----
Stealth        | 6 7 8 9 10 11 12 | 12.2
Short Blades   | 3 4 5 6 |  6.9
Fighting       | 3 4 5 6 8 |  8.4
Throwing       | 3 4 5 6 |  6.5
Dodging        | 2 3 4 5 |  5.7
Invocations    | 2 4 5 6 7 |  7.3
Slings         | 1 2 |  2.1
Transmutations | 3 4 6 7 |  7.0
Long Blades    | 1 2 3 4 |  4.1
Spellcasting   | 2 3 |  3.9
Evocations     | 1 |  1.3
Poison Magic   | |  0.1

Action                   |  1- 3 |  4- 6 |  7- 9 | 10-12 || total
-------------------------+-------+-------+-------+-------++-------
Melee: Dagger            |    52 |   167 |   118 |       ||   337
       Tentacles         |    10 |    30 |    53 |   108 ||   201
       Constrict         |    12 |    31 |    46 |    62 ||   151
       Short sword       |       |       |   104 |   210 ||   314
       Falchion          |       |       |    14 |   168 ||   182
       Kick              |       |       |     3 |    74 ||    77
 Fire: Hunting sling     |       |       |    11 |    19 ||    30
Throw: Dart              |     6 |    27 |    37 |    89 ||   159
       Boomerang         |       |       |       |    42 ||    42
 Cast: Sticks to Snakes  |       |       |     1 |    57 ||    58
       Beastly Appendage |       |       |     1 |    46 ||    47
       Spider Form       |       |       |       |     1 ||     1
Invok: Shadow Step       |       |       |       |     2 ||     2
Evoke: Wand              |       |       |     1 |    15 ||    16
  Use: Potion            |     1 |     1 |     1 |       ||     3
       Scroll            |       |     4 |    10 |     7 ||    21
 Stab: Sleeping          |    10 |    14 |    17 |    24 ||    65
       Distracted        |       |       |     3 |     4 ||     7
  Eat: Chunk             |     1 |     8 |    15 |    24 ||    48
       Ration            |       |       |     1 |     2 ||     3
Armor: Skin              |     1 |    11 |     5 |     1 ||    18
Dodge: Dodged            |    18 |   112 |   203 |   316 ||   649
       Rpst.: Falchion   |       |       |     3 |    31 ||    34
